 Dungeon Crawl Stone Soup version 0.25-a0-890-g62861fb195 (webtiles) character file.

Game seed: 11225047766926011624, levelgen mode: deterministic

124 FessEmpty the Changer (level 5, -6/33 HPs)
             Began as an Octopode Transmuter on May 2, 2020.
             Killed from afar by an orc wizard (8 damage)
             ... with a magic dart
             ... on level 3 of the Dungeon.
             The game lasted 00:09:04 (2120 turns).

FessEmpty the Changer (Octopode Transmuter)         Turns: 2120, Time: 00:09:05

Health: -6/33      AC:  1    Str:  9    XL:     5   Next: 8%
Magic:  10/10      EV: 13    Int: 17    God:
Gold:   198        SH:  0    Dex: 12    Spells: 8/11 levels left

rFire    . . .     SeeInvis .   d - +0 dagger
rCold    . . .     Gourm    .   (no shield)
rNeg     . . .     Faith    .   (helmet restricted)
rPois    .         Spirit   .   (no amulet)
rElec    .         Reflect  .   (no ring)
rCorr    .         Harm     .   (no ring)
MR       .....                  (no ring)
Stlth    ++........             (no ring)
HPRegen  0.11/turn              (no ring)
MPRegen  0.12/turn              (no ring)
                                (no ring)
                                (no ring)

@: mighty, hasted, very quick
A: almost no armour, stealthy swim, amphibious, 8 rings, constrict 8, camouflage
1, gelatinous body 1
a: no special abilities


You were on level 3 of the Dungeon.
You were not hungry.

You visited 1 branch of the dungeon, and saw 3 of its levels.

You collected 198 gold pieces.

Inventory:

Hand Weapons
 d - a +0 dagger (weapon)
Missiles
 a - 35 arrows
Scrolls
 b - a scroll of teleportation {unknown}
 e - a scroll of immolation {unknown}
 f - a scroll of blinking {unknown}
 h - a scroll of enchant armour {unknown}
 j - a scroll of identify {unknown}
 n - a scroll of fear {unknown}
Potions
 l - a potion of cancellation
Comestibles
 c - 2 rations
 k - 2 chunks of flesh


   Skills:
 - Level 1.0 Fighting
 - Level 2.0 Dodging
 - Level 3.0 Unarmed Combat
 + Level 3.6 Spellcasting
 + Level 3.8 Transmutations


You had 8 spell levels left.
You knew the following spells:

 Your Spells              Type           Power        Failure   Level  Hunger
a - Beastly Appendage     Tmut           ###...       3%          1    None
b - Sticks to Snakes      Tmut           ###.....     4%          2    ##.....

Your spell library contained the following spells:

 Spells                   Type           Power        Failure   Level  Hunger
 Spider Form              Tmut/Pois      #.........   22%         3    ###....
 Ice Form                 Ice/Tmut       #.......     58%         4    ####...
 Blade Hands              Tmut           ###.......   67%         5    ######.


Dungeon Overview and Level Annotations

Branches:
Dungeon (3/15)

Altars:


Innate Abilities, Weirdness & Mutations

You cannot wear most types of armour.
You are very stealthy in the water. (Stealth+)
You are amphibious.
You can wear up to eight rings at the same time.
You can use your tentacles to constrict eight enemies at once.
Your skin changes colour to match your surroundings (Stealth+).
Your rubbery body absorbs attacks. (AC +1, EV +1)


Message History

* * * LOW HITPOINT WARNING * * *
You float gracefully downwards.
There is an escape hatch in the floor here.
There is an escape hatch in the floor here.
Casting: Beastly Appendage (safe; 4% risk of failure)
Confirm with . or Enter, or press ? or * to list all spells.
One of your tentacles grows a vicious spike.
You barely miss the goblin. Your grab misses the goblin.
Your tentacle spike misses the goblin.
You tentacle-slap the goblin.
You kill the goblin!
You start resting.
Magic restored.
You start resting.
Your transformation is almost over.
You start resting.
Your tentacle spike disappears.
You start resting.
All of the chunks of flesh in your inventory have rotted away.
You are feeling hungry.
You start resting.
HP restored.
You see here a +0 club.
There is a stone staircase leading down here.
You climb downwards.
There is a stone staircase leading up here.
A kobold comes into view. It is wielding a +0 whip.
The kobold shouts!
A leopard gecko comes into view.
The kobold completely misses you.
You hit the kobold. You grab the kobold.
The kobold is moderately wounded.
You constrict the kobold, but do no damage.
A rat comes into view.
The kobold barely misses you.
Casting: Beastly Appendage (safe; 3% risk of failure)
Confirm with . or Enter, or press ? or * to list all spells.
One of your tentacles grows a vicious spike.
You constrict the kobold.
You kill the kobold!
Unknown command.
Unknown command.
Unknown command.
You closely miss the rat. You grab the rat. You constrict the rat.
The rat bites you.
You closely miss the leopard gecko. You grab the leopard gecko.
You constrict the leopard gecko. You constrict the rat.
You kill the rat!
The leopard gecko barely misses you.
You hit the leopard gecko but do no damage.
The leopard gecko is heavily wounded.
You constrict the leopard gecko, but do no damage.
The leopard gecko barely misses you.
You hit the leopard gecko.
You kill the leopard gecko!
Search for what [Enter for "hat", or ? for help]? weapon
Things that are here:
a +0 whip; a kobold corpse Magic restored.
HP restored.
Your transformation is almost over.
b - a scroll labeled JULYRREOLUO Your tentacle spike disappears.
The goblin is too close now for your liking.
Casting: Beastly Appendage (safe; 3% risk of failure)
Confirm with . or Enter, or press ? or * to list all spells.
One of your tentacles grows a vicious spike.
The goblin shouts!
You hit the goblin but do no damage. Your grab misses the goblin.
The goblin barely misses you.
You hit the goblin. Your grab misses the goblin.
You pierce the goblin.
Your squeeze misses the goblin.
The goblin is severely wounded.
The goblin hits you with a +0 club.
You hit the goblin.
You kill the goblin!
You butcher the goblin corpse.
k - 3 chunks of flesh
Things that are here:
a +0 club; a goblin skeleton
Things that are here:
a +0 club; a goblin skeleton Eating one of 3 chunks of flesh.
You eat one of the 3 chunks of flesh.
This raw flesh tastes terrible.
You now have 198 gold pieces (gained 13).
The goblin is too close now for your liking.
The goblin shouts!
The goblin completely misses you.
You hit the goblin. You grab the goblin.
The goblin is moderately wounded.
You constrict the goblin. The goblin barely misses you.
You barely miss the goblin.
The goblin is heavily wounded.
Your transformation is almost over.
You constrict the goblin. The goblin hits you.
You hit the goblin.
You kill the goblin!
You have reached level 5!
You feel clever.
You closely miss the goblin. You grab the goblin. You constrict the goblin.
The goblin barely misses you.
You hit the goblin.
You kill the goblin!
The goblin shouts!
The goblin completely misses you.
The goblin shouts!
You hit the goblin.
You kill the goblin!
Your tentacle spike disappears.
Casting: Beastly Appendage (safe; 3% risk of failure)
Confirm with . or Enter, or press ? or * to list all spells.
One of your tentacles grows a vicious spike.
You hit the goblin. Your grab misses the goblin.
The goblin is moderately wounded.
The goblin hits you.
You closely miss the goblin. You grab the goblin.
Your tentacle spike misses the goblin.
The goblin is moderately wounded.
You constrict the goblin. The goblin misses you.
You hit the goblin but do no damage.
The goblin is severely wounded.
You constrict the goblin.
You kill the goblin!
Search for what [Enter for "weapon", or ? for help]?
Things that are here:
15 stones; a +0 hunting sling of freezing; a goblin skeleton An orc comes into view.
It is wielding a +0 dagger.
You closely miss the hobgoblin. Your grab misses the hobgoblin.
The hobgoblin closely misses you.
You closely miss the hobgoblin. You grab the hobgoblin.
You squeeze the hobgoblin.
The hobgoblin is almost dead.
You constrict the hobgoblin, but do no damage.
The hobgoblin misses you.
You hit the hobgoblin but do no damage. You squeeze the hobgoblin.
You kill the hobgoblin!
The orc throws a boomerang.
The boomerang closely misses you.
The weapon returns to the orc!
The orc throws a boomerang.
The boomerang misses you.
The weapon returns to the orc!
Things that are here:
a +0 club; a hobgoblin corpse An orc comes into view.
It is wielding a +0 mace.
Your transformation is almost over.
The orc throws a boomerang.
The boomerang hits you.
The weapon returns to the orc!
The orc closely misses you.
An orc wizard comes into view. It is wielding a +0 dagger.
The orc shouts!
You hit the orc but do no damage. Your grab misses the orc.
You hear a shout!
The orc hits you with a +0 dagger.
You hear a shout!
You closely miss the orc. You grab the orc. You constrict the orc.
You hear a shout!
The orc hits you with a +0 dagger.
You hit the orc.
You pierce the orc, but do no damage.
The orc is severely wounded.
You constrict the orc. The orc hits you with a +0 dagger.
You closely miss the orc. You grab the orc.
You squeeze the orc, but do no damage. You constrict the orc.
You constrict the orc, but do no damage.
The orc hits you with a +0 dagger. The orc barely misses you.
You closely miss the orc wizard. Your grab misses the orc wizard.
Your tentacle spike misses the orc wizard.
You constrict the orc.
You kill the orc!
You constrict the orc. The orc barely misses you.
The orc wizard closely misses you.
You closely miss the orc wizard. Your grab misses the orc wizard.
Your tentacle spike misses the orc wizard.
You constrict the orc, but do no damage.
The orc misses you.
The orc wizard hits you with a +0 dagger.
You hit the orc wizard but do no damage.
Your grab misses the orc wizard. You squeeze the orc wizard!
The orc wizard is severely wounded.
You constrict the orc. The orc barely misses you.
The orc wizard casts a spell at you. The magic dart hits you!
* * * LOW HITPOINT WARNING * * *
You barely miss the orc wizard. You grab the orc wizard.
You pierce the orc wizard, but do no damage.
Your squeeze misses the orc wizard.
The orc wizard is severely wounded.
You constrict the orc.
You kill the orc!
You constrict the orc wizard.
An orc wizard comes into view. It is wielding a +0 dagger.
The orc wizard hits you with a +0 dagger.
* * * LOW HITPOINT WARNING * * *
It was a potion of might.
You feel very mighty all of a sudden.
Your tentacle spike disappears.
You constrict the orc wizard, but do no damage.
The orc wizard hits you with a +0 dagger.
* * * LOW HITPOINT WARNING * * *
It was a potion of haste.
You feel yourself speed up.
You constrict the orc wizard, but do no damage.
The orc wizard gestures at you while chanting.
The magic dart hits you!
You die...

######..........# #.#
######.####.###.####.#########
....#.........................
.........g............##.........
....##.####)###.####.^##... ....
.##.##.# #.# #.####..##.#####.##
.##.##.####.# #.................#
[....†...##[###..).........###..#
........(.....).@)...............
..........#......o....####.###...
....†....######.###..............
.....#.......##.# ##..####.##g...
.#.............o#..........##....
......................####.##)...
.#..(#..)##......................
.#...#..(##..##.#.##.###.#.##....
.....#...##..##.#.##.# #.#.....


You could see 2 orc wizards.

Vanquished Creatures
  Robin (D:3)
  4 adders
  2 dart slugs
  2 leopard geckos
  2 orcs (D:3)
  2 giant cockroaches (D:2)
  17 goblins
  13 hobgoblins
  A quokka (D:3)
  4 bats
  5 frilled lizards
  8 kobolds
  7 rats
68 creatures vanquished.

Notes
Turn   | Place    | Note
-------+----------+-------------------------------------------
     0 | D:1      | FessEmpty the Octopode Transmuter began the quest for the
                  | Orb.
     0 | D:1      | Reached XP level 1. HP: 13/13 MP: 3/3
    36 | D:1      | Reached XP level 2. HP: 17/18 MP: 3/5
    41 | D:1      | Learned a level 2 spell: Sticks to Snakes
   346 | D:1      | Reached XP level 3. HP: 17/23 MP: 6/6
   907 | D:2      | Reached XP level 4. HP: 26/28 MP: 8/8
  1498 | D:3      | Noticed Robin
  1692 | D:3      | Killed Robin
  2082 | D:3      | Reached XP level 5. HP: 29/33 MP: 10/10
  2120 | D:3      | Killed from afar by an orc wizard

Levels and vault maps discovered:
D:1:      scummos_arrival_star, layout_rooms, minmay_statues_item
D:2:      layout_loops_cross, hangedman_decor_growths, minmay_small_reverse_x
D:3:      layout_basic, kennysheep_pointless_box, uniq_robin

Skill      XL: |  1  2  3 |
---------------+----------+-----
Transmutations | 3 |  3.8
Spellcasting   | 3 |  3.6
Fighting       | |  1.0
Dodging        | |  2.0
Unarmed Combat | |  3.0

Action                   |  1- 3 |  4- 6 || total
-------------------------+-------+-------++-------
Melee: Unarmed           |    22 |       ||    22
       Constrict         |    33 |    22 ||    55
       Kick              |    23 |    14 ||    37
       Dagger            |    72 |    67 ||   139
       Tentacles         |    13 |    11 ||    24
       Punch             |     1 |     2 ||     3
 Cast: Beastly Appendage |    17 |    12 ||    29
  Use: Potion            |       |     5 ||     5
 Stab: Sleeping          |     3 |     1 ||     4
  Eat: Chunk             |       |     4 ||     4
Armor: Skin              |    11 |     5 ||    16
Dodge: Dodged            |    80 |    46 ||   126

Table legend:
 A = Non-vault XP
 B = Vault XP
 C = Vault XP percentage of total XP
 D = Non-vault monster count
 E = Vault monster count
 F = Vault count percentage of total count
                 A         B        C        D         E       F
            +---------+---------+-------+---------+---------+-------
      Total |     136 |      42 |  23.6 |      53 |      15 |  22.1
            +---------+---------+-------+---------+---------+-------
        D:1 |      46 |       0 |   0.0 |      28 |       0 |   0.0
        D:2 |      47 |       9 |  16.1 |      14 |       5 |  26.3
        D:3 |      43 |      33 |  43.4 |      11 |      10 |  47.6
            +---------+---------+-------+---------+---------+-------
